 Dungeon Crawl Stone Soup version 0.27.1-1-g398f81649c (webtiles) character file.

Game seed: 14710247714170592368

60 speeev33 the Skirmisher (level 4, -3/41 HPs)
             Began as a Hill Orc Fighter on Sept 5, 2021.
             Killed from afar by an orc wizard (7 damage)
             ... with a puff of flame
             ... on level 3 of the Dungeon.
             The game lasted 00:02:01 (2120 turns).

speeev33 the Skirmisher (Hill Orc Fighter)          Turns: 2120, Time: 00:02:02

Health: -3/41      AC:  6    Str: 19    XL:     4   Next: 4%
Magic:  4/4        EV:  7    Int:  8    God:
Gold:   112        SH:  0    Dex: 10    Spells: 3/3 levels left

rFire    . . .     SeeInvis .   a - +0 war axe
rCold    . . .     Faith    .   c - +0 kite shield
rNeg     . . .     Spirit   .   b - +0 scale mail
rPois    .         Reflect  .   (no helmet)
rElec    .         Harm     .   (no cloak)
rCorr    .         Rampage  .   (no gloves)
Will     .....                  (no boots)
Stlth    ..........             (no amulet)
HPRegen  0.13/turn              (no ring)
MPRegen  0.09/turn              (no ring)

@: confused
A: no striking features
a: no special abilities


You were on level 3 of the Dungeon.
You visited 1 branch of the dungeon, and saw 3 of its levels.

You collected 112 gold pieces.

Inventory:

Hand Weapons
 a - a +0 war axe (weapon)
Armour
 b - a +0 scale mail (worn)
 c - a +0 kite shield (worn)
Potions
 d - a potion of might
 e - a potion of curing
 f - a potion of lignification {unknown}
 g - a potion of resistance {unknown}
 h - a potion of mutation {unknown}
 i - 2 potions of haste {unknown}


   Skills:
 + Level 4.4 Fighting
 + Level 3.8 Axes
 - Level 3.2 Armour
 + Level 4.0 Shields


You had 3 spell levels left.
You didn't know any spells.
Your spell library contained the following spells:

 Spells                   Type           Power      Damage    Failure   Level
 Portal Projectile        Hex/Tloc       0%         N/A       100%        3
 Blade Hands              Tmut           0%         N/A       100%        5
 Excruciating Wounds      Necr           0%         N/A       100%        5
 Dispersal                Tloc           0%         N/A       100%        6
 Disjunction              Tloc           0%         N/A       100%        8


Dungeon Overview and Level Annotations

Branches:
Dungeon (3/15)

Altars:


Message History

A magic dart appears from out of thin air!
The magic dart hits you. The orc hits you with a +0 club.
The orc hits you but does no damage.
You have reached level 4!
You slash the orc!
You kill the orc!
You slash something! You hit the orc. Something hits you but does no damage.
The orc hits you with a +0 hand axe.
You hear some strange, mumbled words.
You are confused.
You see here a +0 club.
You bump into the rock wall.
The orc barely misses you. Something hits you. The orc barely misses you.
You're too confused to move!
Something hits you. The orc closely misses you.
The orc hits you but does no damage.
You miss the orc. x2; You miss something.
The orc hits you but does no damage. Something hits you but does no damage.
The orc hits you but does no damage.
You hear some strange, mumbled words.
You are more confused.
The orc hits you with a +0 hand axe.
* * * LOW HITPOINT WARNING * * *
The orc hits you with a +0 whip.
* * * LOW HITPOINT WARNING * * *
It was a potion of curing.
You feel better. You block the orc's attack. Something hits you.
You block the orc's attack.
You barely miss something.
You hear some strange, mumbled words.
A puff of flame appears from out of thin air!
The puff of flame hits you!
* * * LOW HITPOINT WARNING * * *
You hear some strange, mumbled words.
You are confused.
You bump into the rock wall.
Something hits you.
* * * LOW HITPOINT WARNING * * *
You completely miss something. Something hits you but does no damage.
You bump into the rock wall.
You hear some strange, mumbled words.
A puff of flame appears from out of thin air!
The puff of flame hits you!
You die...

#.# #####.# ######
......#####.....
#######......).######
#...(......>........#
#.######.#####o####.#
#.##.....# #o#
##.##.###.# #{#
##.....# #.# #@#
#....<.# #.# #.#
..)..#.....# #.#
.......##### #.#
>....... #.#
.##...### #.# . ....#
#.# .##...# #.# ...


You could see 2 orcs.

Vanquished Creatures
  An adder (D:2)
  A worm (D:2)
  2 orcs (D:3)
  7 endoplasms
  3 giant cockroaches
  4 goblins
  2 hobgoblins
  7 jackals
  3 quokkas
  3 ball pythons
  6 frilled lizards
39 creatures vanquished.

Notes
Turn   | Place    | Note
-------+----------+-------------------------------------------
     0 | D:1      | speeev33 the Hill Orc Fighter began the quest for the Orb.
     0 | D:1      | Reached XP level 1. HP: 19/19 MP: 1/1
   145 | D:1      | Reached XP level 2. HP: 16/27 MP: 2/2
   646 | D:1      | Reached XP level 3. HP: 33/33 MP: 3/3
  1808 | D:2      | Found a faded altar of an unknown god.
  2106 | D:3      | Reached XP level 4. HP: 22/41 MP: 4/4
  2120 | D:3      | Killed from afar by an orc wizard

Illustrated notes

Levels and vault maps discovered:
D:1:      lemuel_arrival_cross, layout_basic, supply_closet_lemuel
D:2:      layout_basic, hellmonk_ecumenical_altar_leap_of_faith
D:3:      layout_loops_ring, kennysheep_slug_shrine, gup_sewer_entry_spiral

Skill      XL: |  1  2  3 |
---------------+----------+-----
Axes           | 3 |  3.8
Fighting       | 4 |  4.4
Shields        | 4 |  4.0
Armour         | |  3.2

Action                   |  1- 3 |  4- 6 || total
-------------------------+-------+-------++-------
Melee: War axe           |   126 |     4 ||   130
  Use: Scroll            |     3 |       ||     3
       Potion            |       |     1 ||     1
Armor: Scale mail        |    55 |     6 ||    61
Dodge: Dodged            |    42 |     3 ||    45
Block: Kite shield       |    63 |     2 ||    65
